Map: 2000 Atmospheres LE

Players

Astrea

  • Race: Protoss Protoss
  • League: Grandmaster

ShoWTimE - Winner!

  • Race: Protoss Protoss
  • League: Grandmaster

Event: DreamHack SC2 Masters Last Chance 2022

VOD

Have the link to the VOD?

Description

Time

  • Played on: Dec. 17, 2021, 12:28 p.m.
  • Length: 18:27

All games in this series

Show
View Real Time Build Order
Export as new Build Order

Astrea Protoss 

Build Orders: Phoenix Opening, Blink Stalkers, Dark Templar Rush 

Get SALT Encoding   

  12  0:00  Probe  
  13  0:12  Probe  
  14  0:17  Pylon  
  14  0:24  Probe (Chrono Boost)  
  15  0:36  Gateway, Probe (Chrono Boost)  
  16  0:43  Probe (Chrono Boost)  
  16  0:45  Assimilator  
  17  0:51  Probe  
  17  0:54  Assimilator  
  18  1:03  Probe (Chrono Boost)  
  19  1:08  Gateway  
  19  1:12  Probe (Chrono Boost)  
  19  1:17  Probe (Chrono Boost)  
  20  1:24  Cybernetics Core  
  21  1:29  Probe  
  22  1:36  Pylon  
  22  1:42  Probe  
  23  1:54  Probe  
  23  2:01  Stalker x2, Warp Gate  
  24  2:06  Probe  
  29  2:17  Pylon  
  29  2:18  Probe  
  30  2:30  Pylon  
  30  2:46  Sentry x2  
  34  2:56  Nexus  
  34  2:58  Probe  
  35  3:02  Twilight Council  
  35  3:10  Probe  
  35  3:12  Shield Battery  
  36  3:22  Probe (Chrono Boost)  
  36  3:23  Pylon  
  37  3:28  Phoenix  
  38  3:34  Probe (Chrono Boost)  
  38  3:40  Probe (Chrono Boost)  
  39  3:45  Blink (Chrono Boost)  
  39  3:47  Dark Shrine  
  39  3:48  Probe  
  41  4:03  Probe (Chrono Boost)  
  41  4:05  Stalker  
  41  4:08  Probe (Chrono Boost)  
  41  4:09  Stalker  
  46  4:15  Phoenix  
  48  4:17  Probe (Chrono Boost)  
  48  4:18  Probe (Chrono Boost)  
  48  4:22  Probe (Chrono Boost)  
  48  4:25  Probe  
  50  4:34  Probe  
  50  4:37  Nexus, Probe  
  52  4:40  Stalker  
  54  4:47  Probe, Pylon  
  54  4:49  Stalker  
  57  4:56  Assimilator  
  57  4:57  Probe  
  58  5:00  Probe  
  58  5:05  Dark Templar  
  61  5:09  Probe  
  61  5:12  Pylon, Shield Battery  
  61  5:13  Robotics Facility  
  62  5:14  Phoenix  
  62  5:23  Forge  
  62  5:30  Probe x2  
  62  5:34  Stalker  
  66  5:39  Pylon  
  66  5:41  Stalker  
  69  5:45  Probe x2 (Chrono Boost)  
  71  5:50  Probe (Chrono Boost), Protoss Ground Weapons Level 1 (Chrono Boost)  
  71  5:56  Gateway  
  73  5:59  Probe x2 (Chrono Boost)  
  73  6:00  Probe (Chrono Boost)  
  73  6:03  Stalker  
  76  6:05  Observer (Chrono Boost), Probe  
  76  6:07  Probe x2  
  80  6:11  Gateway  
  80  6:12  Gateway  
  80  6:15  Pylon  
  80  6:17  Probe  
  81  6:19  Observer, Probe  
  81  6:20  Probe  
  81  6:21  Stalker  
  81  6:25  Observer (Chrono Boost)  
  86  6:32  Probe  
  87  6:34  Stalker  
  87  6:35  Probe x2  
  87  6:38  Photon Cannon  
  89  6:42  Warp Prism (Chrono Boost)  
  89  6:44  Observer, Pylon  
  89  6:45  Assimilator  
  91  6:50  Stalker  
  91  6:51  Stalker, Phoenix  
  95  7:01  Pylon  
  95  7:04  Stalker  
  95  7:05  Robotics Bay  
  95  7:07  Nexus  
  97  7:08  Pylon  
  97  7:10  Stalker x2  
  101  7:19  Stalker x2  
  101  7:21  Assimilator, Probe x3  
  108  7:23  Pylon  
  108  7:28  Shield Battery  
  108  7:33  Probe  
  109  7:37  Stalker x3  
  109  7:39  Probe x2  
  117  7:45  Probe  
  117  7:51  Probe x2, Protoss Ground Weapons Level 2 (Chrono Boost)  
  120  7:52  Disruptor (Chrono Boost)  
  120  7:54  Photon Cannon  
  120  7:58  Probe  
  124  8:01  Photon Cannon  
  124  8:02  Pylon  
  124  8:03  Probe  
  125  8:07  Probe  
  125  8:08  Stalker x3  
  125  8:10  Photon Cannon  
  132  8:13  Pylon  
  133  8:23  Pylon  
  133  8:24  Photon Cannon  
  133  8:25  Disruptor (Chrono Boost), Pylon  
  133  8:26  Photon Cannon  
  135  8:30  Stalker x2  
  135  8:33  Stalker  
  141  8:36  Stalker  
  141  8:39  Stalker  
  145  8:49  Gateway  
  145  8:52  Photon Cannon  
  145  8:59  Stalker x4  
  153  9:03  Probe  
  152  9:11  Probe x2  
  152  9:13  Observer, Assimilator  
  152  9:14  Assimilator  
  152  9:15  Gateway  
  154  9:17  Pylon  
  154  9:18  Gateway  
  154  9:19  Probe, Disruptor (Chrono Boost)  
  154  9:20  Probe  
  154  9:22  Dark Shrine  
  154  9:23  Probe x2  
  161  9:26  Charge  
  161  9:33  Robotics Facility  
  161  9:36  Assimilator  
  161  9:37  Shield Battery  
  160  9:47  Stalker x5  
  160  9:49  Zealot  
  170  9:58  Photon Cannon  
  170  9:59  Photon Cannon  
  170  10:02  Gateway  
  170  10:07  Disruptor  
  173  10:14  Protoss Ground Weapons Level 3 (Chrono Boost)  
  173  10:16  Adept x2  
  173  10:17  Zealot  
  173  10:18  Zealot  
  181  10:23  Disruptor  
  184  10:29  Pylon  
  184  10:30  Pylon  
  180  10:41  Stalker x4  
  188  10:45  Disruptor  
  188  10:46  Observer  
  188  10:51  Probe x2  
  188  10:52  Probe  
  188  10:54  Photon Cannon  
  188  10:55  Shadow Stride (Chrono Boost)  
  185  10:58  Photon Cannon  
  181  11:06  Gravitic Boosters (Chrono Boost)  
  181  11:08  Observer  
  180  11:21  Observer  
  175  11:33  Dark Templar x7  
  175  11:35  Zealot x2  
  193  11:40  Gateway  
  193  11:41  Gateway  
  193  11:43  Gateway  
  193  11:46  Pylon  
  191  11:50  Nexus  
  170  12:09  Dark Templar x6  
  170  12:10  Zealot x3  
  154  12:36  Zealot x5, Pylon  
  164  12:38  Disruptor x2  
  164  12:41  Stalker x3  
  164  12:42  Stalker x4  
  181  12:52  Pylon  
  181  13:00  Photon Cannon x2  
  181  13:03  Photon Cannon  
  181  13:05  Stalker x6, Shield Battery  
  181  13:10  Shield Battery  
  191  13:13  Pylon  
  191  13:19  Disruptor  
  168  13:20  Disruptor  
  174  13:34  Dark Templar x5  
  174  13:35  Zealot x4  
  192  13:48  Observer  
  190  13:59  Zealot x5  
  188  14:16  Observer  
  178  14:19  Zealot  
  178  14:20  Zealot x10  
  200  14:25  Photon Cannon, Assimilator  
  200  14:26  Assimilator  
  194  15:12  Zealot x4  
  187  15:25  Dark Templar x6  
  197  15:30  Stargate  
  197  15:32  Protoss Shields Level 1 (Chrono Boost)  
  197  15:34  Warp Prism  
  193  15:39  Protoss Air Weapons Level 1 (Chrono Boost)  
  189  15:55  Stalker x6  
  188  15:57  Stalker  
  188  15:59  Stalker x5, Observer  
  188  16:17  Observer (Chrono Boost)  
  177  16:26  Zealot x2, Dark Templar x9  
  177  16:28  Observer  
  189  16:49  Fleet Beacon  
  189  16:53  Stargate  
  178  16:56  Dark Templar x2  
  178  16:57  Dark Templar  
  178  16:58  Zealot x9  
  168  17:18  Stalker x4  
  168  17:19  Stalker x5  
  184  17:35  Stalker x3  
  156  17:48  Stalker x5  
  156  17:49  Stalker x2  
  150  17:56  Stalker  
  150  18:03  Stalker x3  
  130  18:14  Probe  
Show
View Real Time Build Order
Export as new Build Order

ShoWTimE Protoss - Winner!

Build Orders: Phoenix Opening, Blink Stalkers, Carriers 

Get SALT Encoding   

  12  0:00  Probe  
  13  0:12  Probe  
  14  0:17  Pylon  
  14  0:24  Probe (Chrono Boost)  
  15  0:36  Gateway, Probe (Chrono Boost)  
  16  0:44  Probe (Chrono Boost)  
  16  0:45  Assimilator  
  17  0:51  Probe  
  18  1:03  Probe (Chrono Boost)  
  19  1:04  Assimilator  
  19  1:10  Gateway  
  19  1:13  Probe (Chrono Boost)  
  19  1:18  Probe (Chrono Boost)  
  20  1:25  Cybernetics Core  
  21  1:29  Probe  
  22  1:35  Pylon  
  22  1:41  Probe  
  23  1:53  Probe  
  24  2:01  Stalker  
  24  2:02  Warp Gate  
  24  2:05  Probe  
  24  2:07  Sentry  
  29  2:13  Pylon  
  29  2:26  Pylon  
  29  2:31  Stalker  
  29  2:34  Sentry  
  33  2:40  Phoenix  
  32  2:53  Nexus  
  32  2:56  Probe  
  33  3:01  Shield Battery  
  33  3:08  Probe  
  34  3:14  Twilight Council  
  34  3:17  Sentry  
  36  3:21  Probe (Chrono Boost)  
  36  3:26  Phoenix  
  37  3:27  Pylon  
  37  3:34  Probe (Chrono Boost)  
  38  3:42  Blink (Chrono Boost), Probe (Chrono Boost)  
  38  3:48  Probe  
  40  3:57  Phoenix  
  40  3:58  Stalker  
  40  4:00  Probe  
  43  4:06  Probe  
  44  4:12  Probe  
  45  4:18  Probe  
  46  4:24  Probe  
  46  4:27  Stalker x2  
  46  4:30  Probe  
  52  4:36  Probe  
  53  4:39  Pylon  
  53  4:42  Robotics Facility, Probe  
  54  4:48  Probe, Pylon  
  54  4:52  Stalker x2  
  59  4:56  Assimilator  
  59  4:57  Probe  
  59  4:59  Phoenix  
  60  5:02  Probe  
  60  5:07  Gateway  
  62  5:20  Nexus  
  61  5:21  Probe x2  
  63  5:31  Observer  
  63  5:33  Probe  
  63  5:34  Stalker x2  
  63  5:35  Probe  
  70  5:40  Phoenix  
  70  5:46  Probe (Chrono Boost)  
  70  5:47  Probe (Chrono Boost), Forge  
  70  5:48  Pylon  
  72  5:54  Observer  
  73  5:59  Probe (Chrono Boost)  
  73  6:01  Gateway  
  73  6:03  Probe (Chrono Boost)  
  75  6:07  Probe (Chrono Boost)  
  75  6:09  Protoss Ground Weapons Level 1, Charge  
  75  6:10  Probe (Chrono Boost)  
  77  6:12  Gateway  
  77  6:14  Probe  
  77  6:15  Phoenix  
  78  6:21  Shield Battery  
  78  6:22  Probe  
  78  6:24  Gateway  
  79  6:26  Probe  
  79  6:31  Probe (Chrono Boost)  
  79  6:32  Phoenix  
  81  6:37  Probe (Chrono Boost)  
  83  6:41  Immortal (Chrono Boost)  
  83  6:43  Probe (Chrono Boost)  
  83  6:44  Probe (Chrono Boost)  
  89  6:50  Assimilator, Probe x2 (Chrono Boost)  
  89  6:51  Assimilator, Probe (Chrono Boost)  
  91  6:55  Pylon  
  91  6:58  Probe x2  
  93  7:02  Probe  
  93  7:05  Zealot x3  
  100  7:13  Templar Archives  
  100  7:15  Pylon  
  100  7:17  Gateway  
  100  7:18  Gateway  
  100  7:19  Warp Prism (Chrono Boost)  
  100  7:27  Pylon  
  102  7:31  Observer  
  102  7:32  Stalker x3  
  108  7:39  Pylon  
  108  7:43  Zealot x3  
  113  7:49  Pylon  
  113  7:58  High Templar  
  113  7:59  High Templar  
  113  8:03  Archon  
  113  8:04  Zealot x2, High Templar x2  
  125  8:06  Nexus  
  125  8:08  Archon  
  125  8:09  Pylon  
  125  8:11  Pylon  
  125  8:12  Pylon  
  125  8:13  Protoss Ground Weapons Level 2 (Chrono Boost)  
  125  8:16  High Templar x2  
  129  8:20  Archon  
  129  8:28  Zealot x2  
  129  8:31  Zealot x2  
  137  8:36  Zealot x2  
  141  8:42  Probe  
  141  8:43  Probe x2  
  144  8:55  Probe x3  
  139  9:03  Robotics Bay  
  139  9:06  Robotics Facility  
  139  9:07  Stalker x4  
  139  9:08  Zealot x4  
  139  9:09  Probe  
  156  9:10  Probe  
  156  9:11  Probe  
  156  9:16  Photon Cannon  
  158  9:17  Pylon  
  158  9:18  Pylon  
  158  9:21  Probe  
  158  9:24  Probe x3  
  160  9:25  Photon Cannon  
  162  9:32  Pylon  
  162  9:34  Zealot x5  
  162  9:37  Probe x3  
  175  9:43  Assimilator x2  
  175  9:48  Disruptor (Chrono Boost), Dark Shrine  
  175  9:50  Assimilator, Disruptor (Chrono Boost)  
  181  10:03  Gateway  
  181  10:06  Gateway  
  181  10:09  Disruptor  
  181  10:10  Zealot x2  
  181  10:11  Disruptor  
  185  10:14  Zealot x2  
  185  10:18  Nexus  
  185  10:20  Pylon  
  195  10:24  Gravitic Boosters (Chrono Boost)  
  195  10:26  Pylon  
  195  10:32  Stalker x2  
  196  10:46  Protoss Ground Weapons Level 3 (Chrono Boost)  
  196  10:49  Observer  
  195  10:52  Shadow Stride (Chrono Boost)  
  189  10:58  Photon Cannon x2  
  189  10:59  Photon Cannon x2  
  189  11:03  Photon Cannon  
  189  11:08  Disruptor  
  189  11:11  Photon Cannon  
  192  11:13  Photon Cannon  
  180  11:29  Disruptor  
  183  11:36  Photon Cannon  
  183  11:37  Photon Cannon  
  183  11:38  Photon Cannon  
  183  11:41  Shield Battery  
  183  11:44  Stargate  
  183  11:45  Observer  
  184  11:50  Protoss Air Weapons Level 1 (Chrono Boost)  
  184  11:53  Zealot x7  
  188  12:04  Disruptor  
  188  12:07  Zealot  
  171  12:16  Disruptor  
  160  12:25  Dark Templar x7  
  160  12:27  Dark Templar x3  
  180  12:34  Fleet Beacon  
  180  12:35  Assimilator  
  178  12:39  Stargate  
  178  12:40  Disruptor  
  178  12:41  Assimilator, Stargate  
  177  12:52  Observer  
  177  12:54  Photon Cannon  
  177  12:56  Photon Cannon  
  177  12:57  Dark Templar  
  177  12:58  Photon Cannon, Dark Templar x2  
  179  13:22  Photon Cannon  
  179  13:24  Carrier x2 (Chrono Boost)  
  191  13:35  Carrier (Chrono Boost), Observer  
  181  13:49  Nexus  
  181  13:51  Pylon  
  181  13:55  Protoss Air Weapons Level 2 (Chrono Boost)  
  171  13:57  Protoss Shields Level 1 (Chrono Boost)  
  171  14:01  Zealot x3  
  171  14:02  Zealot x7  
  185  14:11  Carrier (Chrono Boost)  
  185  14:16  Carrier (Chrono Boost)  
  190  14:25  Photon Cannon  
  190  14:26  Photon Cannon, Carrier (Chrono Boost)  
  190  14:28  Shield Battery  
  190  14:32  Photon Cannon  
  190  14:34  Photon Cannon  
  189  15:01  Dark Templar x5  
  189  15:02  Observer (Chrono Boost)  
  200  15:20  Observer  
  191  15:24  Stalker x3  
  194  15:45  Dark Templar x3  
  156  16:00  Disruptor (Chrono Boost)  
  156  16:03  Dark Templar x3  
  156  16:04  Zealot x2, Dark Templar  
  169  16:06  Disruptor (Chrono Boost)  
  167  16:17  Probe x2  
  169  16:28  Dark Templar x5  
  169  16:31  Disruptor (Chrono Boost)  
  182  16:32  Pylon  
  182  16:36  Disruptor (Chrono Boost), Pylon  
  182  16:38  Dark Templar x4  
  193  16:59  Carrier  
  199  17:15  Carrier, Nexus  
  198  17:24  Photon Cannon  
  198  17:28  Zealot x3  
  179  17:38  Observer  
  162  17:52  Probe  
  162  17:53  Probe x3  
  162  17:57  High Templar x4  
  174  18:03  Archon x2  
  174  18:04  Zealot x5  

Tags
 
Add a new tag
Caveats
  • Supply blocks, unpowered buildings, or Contaminate may cause inaccurate times.
  • Supply counts are checked every 10 seconds.